 Dungeon Crawl Stone Soup version 0.30.1-9-gdf580d7c3d (webtiles) character file.

Game seed: 5983031124703597535

558 HagarQim the Ogre Mage (level 7, -3/68 HPs)
             Began as an Ogre Fire Elementalist on Sept 24, 2023.
             Was a Believer of Makhleb.
             Slain by an ice beast (6 damage)
             ... on level 4 of the Dungeon.
             The game lasted 00:11:18 (5308 turns).

HagarQim the Ogre Mage (Ogre Fire Elementalist)     Turns: 5308, Time: 00:11:18

Health: -3/68      AC:  5    Str: 15    XL:     7   Next: 31%
Magic:  2/13       EV: 10    Int: 16    God:    Makhleb [**....]
Gold:   185        SH:  0    Dex:  9    Spells: 11/14 levels left

rFire   x . .        j - +0 club
rCold   . . .        (no shield)
rNeg    . . .        a - +0 robe
rPois   +            (helmet restricted)
rElec   .            k - +1 cloak
rCorr   .            (gloves unavailable)
SInv    .            (boots unavailable)
Will    .....        (no amulet)
Stlth   ++           (no ring)
HPRegen 0.31/turn    (no ring)
MPRegen 0.13/turn

%: no passive effects
@: no status effects
A: large, unfitting armour, tough skin 1, poison resistance, heat vulnerability
1
a: Renounce Religion, Minor Destruction


You were on level 4 of the Dungeon.
You worshipped Makhleb.
Makhleb was pleased with you.
You visited 1 branch of the dungeon, and saw 5 of its levels.

You collected 185 gold pieces.

Inventory:

Hand Weapons
 g - a +0 dagger
 j - a +0 club (weapon)
Missiles
 n - 2 large rocks
Armour
 a - a +0 robe (worn)
 k - a +1 cloak (worn)
 l - a +0 kite shield
Scrolls
 c - a scroll of enchant armour
 d - a scroll of immolation {unknown}
 h - 3 scrolls of amnesia
 i - a scroll of poison {unknown}
 m - 2 scrolls of enchant weapon
 o - a scroll of teleportation {unknown}
 p - a scroll of fog {unknown}
 q - 2 scrolls of noise {unknown}
 t - a scroll of fear {unknown}
Potions
 b - a potion of magic
 e - 3 potions of lignification
 f - a potion of brilliance
 r - a potion of resistance {unknown}
 s - a potion of curing {unknown}


   Skills:
 * Level 3.9 Fighting
 + Level 2.0 Maces & Flails
 + Level 0.1 Throwing
 + Level 2.9 Dodging
 + Level 2.1 Stealth
 + Level 4.2 Spellcasting
 + Level 1.7 Conjurations
 + Level 4.1 Fire Magic
 * Level 1.2 Invocations


You had 11 spell levels left.
You knew the following spells:

 Your Spells              Type           Power      Damage    Failure   Level
a - Foxfire               Conj/Fire      48%        2x1d6     4%          1
b - Scorch                Fire           32%        2d6       4%          2

Your spell library contained the following spells:

 Spells                   Type           Power      Damage    Failure   Level
 Inner Flame              Hex/Fire       10%        N/A       22%         3
 Volatile Blastmotes      Fire/Tloc      20%        2d11      22%         3
 Flame Wave               Conj/Fire      12%        2d6       43%         4
 Ozocubu's Armour         Ice            3%         N/A       45%         3
 Portal Projectile        Hex/Tloc       6%         N/A       45%         3
 Tukima's Dance           Hex            3%         N/A       45%         3
 Blade Hands              Tmut           1%         N/A       99%         5
 Metabolic Englaciation   Hex/Ice        1%         N/A       99%         5
 Simulacrum               Ice/Necr       1%         N/A       100%        6


Dungeon Overview and Level Annotations

Branches:
Dungeon (5/15)
 Temple: D:4-7

Altars:
Cheibriados
Makhleb


Innate Abilities, Weirdness & Mutations

You are too large for most types of armour.
You have tough skin. (AC +1)
Your system is resistant to poisons. (rPois)
You are vulnerable to heat. (rF-)


Message History

Casting: Scorch (safe; 4% risk of failure)
Confirm with . or Enter, or press ? or * to list all spells.
Flames lash the ice beast.
The ice beast melts!
The ice beast is moderately wounded.
The ice beast hits you but does no damage.
Unknown command.
Casting: Scorch (safe; 4% risk of failure)
Confirm with . or Enter, or press ? or * to list all spells.
Flames lash the ice beast.
The ice beast melts!
The ice beast is heavily wounded.
The ice beast closely misses you.
Unknown command.
Casting: Scorch (safe; 4% risk of failure)
Confirm with . or Enter, or press ? or * to list all spells.
Flames lash the ice beast.
The ice beast melts!
The ice beast is heavily wounded.
The ice beast misses you.
Unknown command.
Casting: Scorch (safe; 4% risk of failure)
Confirm with . or Enter, or press ? or * to list all spells.
You don't have enough magic to cast this spell.
You barely miss the ice beast.
The ice beast is heavily wounded.
The ice beast hits you.
* * * LOW HITPOINT WARNING * * *
The ice beast freezes you!
* * * LOW HITPOINT WARNING * * *
You hit the ice beast.
The ice beast is severely wounded.
The ice beast hits you but does no damage.
You barely miss the ice beast.
The ice beast is severely wounded.
The ice beast hits you but does no damage.
The ice beast barely misses you.
You hit the ice beast but do no damage.
The ice beast is severely wounded.
The ice beast hits you.
* * * LOW HITPOINT WARNING * * *
The ice beast freezes you.
You die...

#.# #.....#.##
#.####.......##
####........<...##
#.....###.....#.##
#.###.# ###.###.##
#.# #.# #.# #...
#.# #.# ##.# ####
#Y# #.# #..# #@#
#.## #.##
#.###..###.##### #
#.##...........###
#.##.#.###.......#
#.##.#.# #####.###
#.##.#.# #.# #
#.##.#.# ###.###
#.##.#.# #.....#
#[##.#.#####.....#


You could see an ice beast (combustible).

Vanquished Creatures
  Sigmund (D:2)
  A scorpion (D:4)
  2 hounds (D:4)
  A sleepcap (D:4)
  Terence (D:3)
  2 iguanas (D:4)
  4 gnolls (D:4)
  5 adders
  3 worms
  3 dart slugs
  An orc (D:3)
  6 ball pythons
  5 endoplasms
  3 giant cockroaches
  5 goblins
  4 hobgoblins
  8 kobolds
  4 quokkas
  6 bats
  4 frilled lizards
  9 rats
78 creatures vanquished.

Vanquished Creatures (others)
  43 foxfires (D:1)
43 creatures vanquished.

Grand Total: 121 creatures vanquished

Notes
Turn   | Place    | Note
-------+----------+-------------------------------------------
     0 | D:1      | HagarQim the Ogre Fire Elementalist began the quest for the
                  | Orb.
     0 | D:1      | Reached XP level 1. HP: 16/16 MP: 3/3
    54 | D:1      | Reached skill level 1 in Conjurations
   181 | D:1      | Reached skill level 1 in Fighting
   181 | D:1      | Reached XP level 2. HP: 27/27 MP: 1/5
   366 | D:1      | Learned a level 2 spell: Scorch
   619 | D:1      | Found a faded altar of an unknown god.
   630 | D:1      | Prayed at the altar of an unknown god.
   630 | D:1      | Became a worshipper of Makhleb the Destroyer
   630 | D:1      | Reached * piety under Makhleb
   831 | D:1      | HP: 1/27 [quokka (1)]
   834 | D:1      | Reached XP level 3. HP: 2/33 MP: 1/7
  1610 | D:2      | Noticed Sigmund
  1614 | D:2      | Gained mutation: You are vulnerable to heat. (rF-) [potion
                  | of mutation]
  1614 | D:2      | Gained mutation: Your system is resistant to poisons.
                  | (rPois) [potion of mutation]
  1633 | D:2      | Killed Sigmund
  1634 | D:2      | Reached skill level 1 in Maces & Flails
  1634 | D:2      | Reached XP level 4. HP: 27/45 MP: 2/9
  1634 | D:2      | Reached XP level 5. HP: 32/53 MP: 2/10
  1746 | D:2      | Found a snail-covered altar of Cheibriados.
  2109 | D:2      | Reached XP level 6. HP: 58/61 MP: 11/11
  2247 | D:2      | Reached ** piety under Makhleb
  2487 | D:3      | Noticed Terence
  2507 | D:3      | Killed Terence
  4548 | D:5      | Entered Level 5 of the Dungeon
  4758 | D:4      | Reached XP level 7. HP: 35/68 MP: 4/13
  4775 | D:4      | HP: 3/68 [adder (4)]
  5061 | D:4      | Reached skill level 1 in Invocations
  5308 | D:4      | HP: 3/68 [ice beast (2)]
  5308 | D:4      | Slain by an ice beast

Illustrated notes

Levels and vault maps discovered:
D:1:      amcnicky_arrival_abandoned_market, layout_basic,
          ebering_ecumenical_altar_box, wander_ebering_terrifying_dragon_lair
D:2:      layout_basic, basic_altar, hangedman_abyss_or_decor_stabs,
          uniq_sigmund
D:3:      layout_loops_corners, moated_statue, uniq_terence
D:4:      layout_loops_ring, grunt_decor_fettered
D:5:      layout_cave_pools, serial_shops, shop, nicolae_shop_hallway_stairs,
          nicolae_shop_bloodbath_and_beyond, dreamdust_gnoll_farm

Skill      XL: |  1  2  3  4  5  6  7 |
---------------+----------------------+-----
Conjurations   | 1 |  1.7
Fighting       | 1 3 |  3.9
Fire Magic     | 3 4 |  4.1
Dodging        | 2 |  2.9
Maces & Flails | 1 2 |  2.0
Spellcasting   | 3 4 |  4.2
Stealth        | 2 |  2.1
Invocations    | 1 |  1.2
Throwing       | |  0.1

Action                     |  1- 3 |  4- 6 |  7- 9 || total
---------------------------+-------+-------+-------++-------
  Melee: Unarmed           |    23 |       |       ||    23
         Club              |    47 |   218 |    28 ||   293
         Punch             |     1 |     3 |       ||     4
  Throw: Large rock        |     2 |       |       ||     2
   Cast: Foxfire           |    26 |       |       ||    26
         Scorch            |     5 |    29 |    12 ||    46
    Use: Potion            |     4 |     2 |     1 ||     7
         Scroll            |       |     4 |       ||     4
   Stab: Sleeping          |     3 |     6 |       ||     9
 Armour: Robe              |    27 |    88 |    18 ||   133
         Skin              |       |    17 |       ||    17
  Dodge: Dodged            |    55 |   127 |    26 ||   208
